 Dungeon Crawl Stone Soup version 0.31-a0-210-gccc998df9b (webtiles) character file.

Game seed: 7468981979003061500

63 Dittersdorf the Trooper (level 4, -3/29 HPs)
             Began as a Gargoyle Fighter on June 29, 2023.
             Killed from afar by an orc wizard (4 damage)
             ... with a puff of flame
             ... on level 3 of the Dungeon.
             The game lasted 00:01:49 (2106 turns).

Dittersdorf the Trooper (Gargoyle Fighter)          Turns: 2106, Time: 00:01:50

Health: -3/29      AC: 10    Str: 22    XL:     4   Next: 9%
Magic:  4/4        EV:  9    Int:  8    God:
Gold:   152        SH:  4    Dex:  9    Spells: 3/3 levels left

rFire   . . .        a - +0 flail
rCold   . . .        c - +0 buckler
rNeg    + . .        b - +0 scale mail
rPois   ∞            (no helmet)
rElec   +            (no cloak)
rCorr   .            (no gloves)
SInv    .            (no boots)
Will    .....        q - amulet of magic regeneration Stlth
                     (no ring)
HPRegen 0.24/turn    (no ring)
MPRegen 0.49/turn

%: no passive effects
@: no status effects
A: sickness immunity, AC +3, negative energy resistance 1, electricity
resistance, torment resistance 1, petrification resistance
a: no special abilities


You were on level 3 of the Dungeon.
You visited 1 branch of the dungeon, and saw 4 of its levels.

You collected 152 gold pieces.

Inventory:

Hand Weapons
 a - a +0 flail (weapon)
Armour
 b - a +0 scale mail (worn)
 c - a +0 buckler (worn)
 f - a +0 plate armour
Jewellery
 q - an amulet of magic regeneration (around neck)
Scrolls
 g - a scroll of butterflies {unknown}
 h - 3 scrolls of identify {unknown}
 i - a scroll of fog {unknown}
 k - a scroll of teleportation {unknown}
 m - a scroll of immolation {unknown}
 p - a scroll of revelation {unknown}
 r - a scroll of noise {unknown}
Potions
 d - a potion of might
 e - 5 potions of curing {unknown}
 j - 3 potions of haste {unknown}
 l - 2 potions of invisibility {unknown}
 n - a potion of magic {unknown}
 o - a potion of cancellation {unknown}


   Skills:
 + Level 3.9 Fighting
 + Level 2.6 Maces & Flails
 + Level 3.8 Armour
 + Level 3.9 Shields


You had 3 spell levels left.
You didn't know any spells.
Your spell library was empty.

Dungeon Overview and Level Annotations

Branches:
Dungeon (4/15)
 Temple: D:4-7

Altars:


Innate Abilities, Weirdness & Mutations

You are immune to sickness and miasma.
Your stone body is resilient. (AC +3)
You are immune to poison.
You resist negative energy. (rN+)
You are resistant to electric shocks. (rElec)
You are resistant to unholy torment.
You are immune to petrification.


Message History

You start resting.
Something hits you.
Deactivating autopickup; reactivate with Ctrl-A.
Something hits you. Something hits you but does no damage.
A magic dart appears from out of thin air!
The magic dart hits you. Something hits you but does no damage.
You closely miss something. Something hits you but does no damage.
You hear some strange, mumbled words.
A puff of flame appears from out of thin air!
The puff of flame misses you.
You closely miss something. Something hits you but does no damage.
You closely miss something. Something hits you but does no damage.
You barely miss something. Something hits you but does no damage.
You hear some strange, mumbled words.
A puff of flame appears from out of thin air!
The puff of flame hits you.
* * * LOW HITPOINT WARNING * * *
You closely miss something. Something hits you.
* * * LOW HITPOINT WARNING * * *
You miss something. Something hits you.
* * * LOW HITPOINT WARNING * * *
You barely miss something. Something hits you but does no damage.
You miss something.
You hear some strange, mumbled words.
A puff of flame appears from out of thin air!
You block the puff of flame. Something hits you.
* * * LOW HITPOINT WARNING * * *
You closely miss something.
You hear some strange, mumbled words.
A puff of flame appears from out of thin air!
The puff of flame hits you.
* * * LOW HITPOINT WARNING * * *
You miss something. Something hits you but does no damage. Something hits you.
* * * LOW HITPOINT WARNING * * *
You barely miss something.
You hear some strange, mumbled words.
A puff of flame appears from out of thin air!
The puff of flame hits you.
You die...

...# #.#####.##..............#
...# #.# #.......#.#####.....#
...###.###..##.....#########.####
................................#
..#...###.......##.########......
#.#.#.##.....#####.#######.....##
#.#.#.##.....##...[............#
#............#........)####....#
#...#..##....#..@{.>...........#
#..###...........[.....####....#
.......................# ##..###
...#...)...............# #......
...÷.........##........# ##......
#..#.###.....##....#.#####.......
#.##.# #.....##....#.##....#.....
...#.###.#.###...................
.......................#####.÷...


There were no monsters in sight!

Vanquished Creatures
  An adder (D:2)
  2 dart slugs
  5 endoplasms
  5 giant cockroaches
  3 goblins
  7 hobgoblins
  2 quokkas (D:1)
  3 ball pythons
  6 bats
  3 frilled lizards (D:1)
  3 kobolds
  5 rats
45 creatures vanquished.

Notes
Turn   | Place    | Note
-------+----------+-------------------------------------------
     0 | D:1      | Dittersdorf the Gargoyle Fighter began the quest for the
                  | Orb.
     0 | D:1      | Reached XP level 1. HP: 14/14 MP: 1/1
   233 | D:1      | Reached XP level 2. HP: 15/19 MP: 2/2
   540 | D:1      | Reached XP level 3. HP: 23/23 MP: 3/3
  1077 | D:2      | Identified the +0 ring mail "Luhiuck" {Regen+ Int+2 Dex+2}
  1676 | D:3      | Reached XP level 4. HP: 23/29 MP: 4/4
  2105 | D:3      | HP: 1/29 [something (2)]
  2106 | D:3      | Killed from afar by an orc wizard

Illustrated notes

Levels and vault maps discovered:
D:1:      heliophobic_arrival_glass_houses, layout_basic
D:2:      layout_loops_ring, nicolae_eternal_life
D:3:      layout_rooms, corexii_shack
D:4:      layout_basic, nemelex_dance_club_becter, grunt_gozag_statues,
          minmay_temple_entry_wispy, uniq_menkaure

Action                     |  1- 3 |  4- 6 || total
---------------------------+-------+-------++-------
  Melee: Flail             |   138 |    23 ||   161
 Armour: Scale mail        |    92 |    13 ||   105
  Dodge: Dodged            |    87 |     3 ||    90
  Block: Buckler           |    32 |     1 ||    33

Table legend: (Time is in decaauts)
 A = Elapsed time spent in this place.
 B = Non-inter-level travel time spent in this place.
 C = Inter-level travel time spent in this place.
 D = Time resting spent in this place.
 E = Time spent auto-exploring this place.
 F = Levels seen in this place.
 G = Mean time per level.
                   A        B        C        D        E       F      G
               +--------+--------+--------+--------+--------+-----+--------+
         Total |   2155 |   2100 |     55 |      0 |   1716 |   4 |  538.8 |
       Dungeon |   2155 |   2100 |     55 |      0 |   1716 |   4 |  538.8 |
               +--------+--------+--------+--------+--------+-----+--------+

Top non-repeatable levels by time:
     D:1: 983 daAuts
     D:2: 690 daAuts
     D:3: 456 daAuts
     D:4: 24 daAuts
